Workbook
Name BC: 'Flujo de caja del proyecto'!$T$50
Name CANTIDAD: 'Flujo de caja del proyecto'!$C$32
Name CAUE: 'Flujo de caja del proyecto'!$T$49
Name CF: 'Flujo de caja del proyecto'!$C$42
Name CV: 'Flujo de caja del proyecto'!$C$38
Name PRECIO: 'Flujo de caja del proyecto'!$C$33
Name TIR: 'Flujo de caja del proyecto'!$T$51
Name TIRM: 'Flujo de caja del proyecto'!$T$52
Name VPN: 'Flujo de caja del proyecto'!$T$48

Sheet Flujo de caja del proyecto
A2: ACTIVOS | I2: CALCULOS | R2: FLUJO NETO DE EFECTIVO
D3: VALOR | E3: VIDA UTIL | F3: SALVAMENTO | I3: DEPRECIACION | J3: AÑO 0 | K3: AÑO 1 | L3: AÑO 2 | M3: AÑO 3 | N3: AÑO 4 | O3: AÑO 5 | T3: AÑO 0 | U3: AÑO 1 | V3: AÑO 2 | W3: AÑO 3 | X3: AÑO 4 | Y3: AÑO 5
A4: MUEBLES Y ENSERES | D4: 7250000 | E4: 10 | F4: 0 | I4: MAQUINARIA Y EQUIPO | K4: =IF($E$4=0,0,($D$4-($D$4*$F$4))/$E$4) -> 725000 | L4: =IF($E$4=0,0,($D$4-($D$4*$F$4))/$E$4) -> 725000 | M4: =IF($E$4=0,0,($D$4-($D$4*$F$4))/$E$4) -> 725000 | N4: =IF($E$4=0,0,($D$4-($D$4*$F$4))/$E$4) -> 725000 | O4: =IF($E$4=0,0,($D$4-($D$4*$F$4))/$E$4) -> 725000 | S4: Ingresos | T4: =J41 -> 0 | U4: =K41 -> 826920000 | V4: =L41 -> 879729600 | W4: =M41 -> 935902224 | X4: =N41 -> 9.9566779e+08 | Y4: =O41 -> 1.0592463e+09
A6: VEHICULO TRANSPORTE | D6: 35000000 | E6: 5 | F6: 0 | I6: VEHICULO | K6: =IF($E$6=0,0,($D$6-($D$6*$F$6))/$E$6) -> 7000000 | L6: =IF($E$6=0,0,($D$6-($D$6*$F$6))/$E$6) -> 7000000 | M6: =IF($E$6=0,0,($D$6-($D$6*$F$6))/$E$6) -> 7000000 | N6: =IF($E$6=0,0,($D$6-($D$6*$F$6))/$E$6) -> 7000000 | O6: =IF($E$6=0,0,($D$6-($D$6*$F$6))/$E$6) -> 7000000 | S6: Costo total | T6: =J53 -> 0 | U6: =K53 -> 422140000 | V6: =L53 -> 439650600 | W6: =M53 -> 458088120 | X6: =N53 -> 4.7751176e+08 | Y6: =O53 -> 4.9797829e+08
A8: SOFTWARE Y HARDWARE | D8: 10000000 | E8: 5 | F8: 0 | I8: MOBILIARIO | K8: =IF($E$8=0,0,($D$8-($D$8*$F$8))/$E$8) -> 2000000 | L8: =IF($E$8=0,0,($D$8-($D$8*$F$8))/$E$8) -> 2000000 | M8: =IF($E$8=0,0,($D$8-($D$8*$F$8))/$E$8) -> 2000000 | N8: =IF($E$8=0,0,($D$8-($D$8*$F$8))/$E$8) -> 2000000 | O8: =IF($E$8=0,0,($D$8-($D$8*$F$8))/$E$8) -> 2000000 | S8: Depreciacion | T8: =J10 -> 0 | U8: =K10 -> 9725000 | V8: =L10 -> 9725000 | W8: =M10 -> 9725000 | X8: =N10 -> 9725000 | Y8: =O10 -> 9725000
I10: DEPRECIACION TOTAL | J10: =SUM(J4,J6,J8) -> 0 | K10: =SUM(K4,K6,K8) -> 9725000 | L10: =SUM(L4,L6,L8) -> 9725000 | M10: =SUM(M4,M6,M8) -> 9725000 | N10: =SUM(N4,N6,N8) -> 9725000 | O10: =SUM(O4,O6,O8) -> 9725000
S11: Utilidad antes tx | T11: =T4-T6-T8 -> 0 | U11: =U4-U6-U8 -> 395055000 | V11: =V4-V6-V8 -> 430354000 | W11: =W4-W6-W8 -> 468089104 | X11: =X4-X6-X8 -> 5.0843103e+08 | Y11: =Y4-Y6-Y8 -> 5.5154302e+08
A13: REQUERIMIENTO DE CAPITAL | S13: Prov tx | T13: =IF(T11>0,T11*$C$49,0) -> 0 | U13: =IF(U11>0,U11*$C$49,0) -> 130368150 | V13: =IF(V11>0,V11*$C$49,0) -> 142016820 | W13: =IF(W11>0,W11*$C$49,0) -> 1.544694e+08 | X13: =IF(X11>0,X11*$C$49,0) -> 1.6778224e+08 | Y13: =IF(Y11>0,Y11*$C$49,0) -> 1.820092e+08
I14: TABLAS DE AMORTIZACION
S15: Utilidad neta | T15: =T11-T13 -> 0 | U15: =U11-U13 -> 264686850 | V15: =V11-V13 -> 288337180 | W15: =W11-W13 -> 3.136197e+08 | X15: =X11-X13 -> 3.4064879e+08 | Y15: =Y11-Y13 -> 3.6953382e+08
A16: CUOTAS FIJAS VENCIDAS | J16: AÑO 0 | K16: AÑO 1 | L16: AÑO 2 | M16: AÑO 3 | N16: AÑO 4 | O16: AÑO 5
J17: 0 | K17: 1 | L17: 2 | M17: 3 | N17: 4 | O17: 5
A18: CREDITO | C18: 150787000 | I18: Saldo | J18: =C18 -> 150787000 | K18: =J18-K21 -> 1.2554934e+08 | L18: =K18-L21 -> 98061539 | M18: =L18-M21 -> 68122965 | N18: =M18-N21 -> 35515115 | O18: =N18-O21 -> 0 | S18: Depreciacion | T18: =J10 -> 0 | U18: =K10 -> 9725000 | V18: =L10 -> 9725000 | W18: =M10 -> 9725000 | X18: =N10 -> 9725000 | Y18: =O10 -> 9725000
A19: NUMERO DE CUOTAS | C19: 5 | I19: interes | K19: =J18*$C$20 -> 13443930 | L19: =K18*$C$20 -> 11193781 | M19: =L18*$C$20 -> 8743011.6 | N19: =M18*$C$20 -> 6073735.7 | O19: =N18*$C$20 -> 3166471.4
A20: INTERES | C20: 0.089158417 | I20: cuota | K20: =IF($C$19>=K17,$C$21,0) -> 38681586 | L20: =IF($C$19>=L17,$C$21,0) -> 38681586 | M20: =IF($C$19>=M17,$C$21,0) -> 38681586 | N20: =IF($C$19>=N17,$C$21,0) -> 38681586 | O20: =IF($C$19>=O17,$C$21,0) -> 38681586 | S20: Amortizacion | T20: =J34 -> 0 | U20: =K34 -> 25237656 | V20: =L34 -> 27487805 | W20: =M34 -> 29938574 | X20: =N34 -> 32607850 | Y20: =O34 -> 35515115
A21: CUOTA | C21: =PMT(C20,C19,-C18) -> 38681586 | I21: Amortizacion | K21: =K20-K19 -> 25237656 | L21: =L20-L19 -> 27487805 | M21: =M20-M19 -> 29938574 | N21: =N20-N19 -> 32607850 | O21: =O20-O19 -> 35515115
S22: Flujo operativo | T22: =T15+T18-T20 -> 0 | U22: =U15+U18-U20 -> 2.4917419e+08 | V22: =V15+V18-V20 -> 2.7057437e+08 | W22: =W15+W18-W20 -> 2.9340613e+08 | X22: =X15+X18-X20 -> 3.1776594e+08 | Y22: =Y15+Y18-Y20 -> 3.4374371e+08
A23: ABONOS CONSTANTES A CAPITAL VENCIDOS | J23: AÑO 0 | K23: AÑO 1 | L23: AÑO 2 | M23: AÑO3 | N23: AÑO4 | O23: AÑO 5
J24: 0 | K24: 1 | L24: 2 | M24: 3 | N24: 4 | O24: 5 | S24: Inversion fija | T24: =D4+D6+D8 -> 52250000
A25: PRESTAMO | C25: 0 | I25: Saldo | J25: =C25 -> 0 | K25: =D25 -> 0 | L25: =E25 -> 0 | M25: =F25 -> 0 | N25: =G25 -> 0 | O25: =H25 -> 0
A26: NUMERO DE CUOTAS | I26: Intereses | K26: 0 | L26: 0 | M26: 0 | N26: 0 | O26: 0 | S26: Iversion capital | T26: =J60 -> 0 | U26: =K60 -> 0 | V26: =L60 -> 0 | W26: =M60 -> 0 | X26: =N60 -> 0 | Y26: =O60 -> 0
A27: INTERES | I27: cuota | K27: 0 | L27: 0 | M27: 0 | N27: 0 | O27: 0
A28: AMORTIZACION | I28: Amortizacion | K28: 0 | L28: 0 | M28: 0 | N28: 0 | O28: 0 | S28: Prestamos | T28: =C18+C25 -> 150787000
A30: PROYECCION DE INGRESOS | S30: Inversion neta | T30: =T24+T26+T28 -> 203037000 | U30: =U24+U26+U28 -> 0 | V30: =V24+V26+V28 -> 0 | W30: =W24+W26+W28 -> 0 | X30: =X24+X26+X28 -> 0 | Y30: =Y24+Y26+Y28 -> 0
J31: AÑO 0 | K31: AÑO 1 | L31: AÑO 2 | M31: AÑO 3 | N31: AÑO 4 | O31: AÑO 5
A32: CANTIDADES | C32: 41346 | I32: Costo financiero | J32: =J19 -> 0 | K32: =K19 -> 13443930 | L32: =L19 -> 11193781 | M32: =M19 -> 8743011.6 | N32: =N19 -> 6073735.7 | O32: =O19 -> 3166471.4 | S32: Recup activo fijo | Y32: =T24-T18:Y18 -> 42525000
A33: PRECIO PONDERADO | C33: 20000
A34: CRECIMIENTO | C34: 0.043 | I34: Amortizacion | J34: =J21 -> 0 | K34: =K21 -> 25237656 | L34: =L21 -> 27487805 | M34: =M21 -> 29938574 | N34: =N21 -> 32607850 | O34: =O21 -> 35515115 | S34: Deudas | Y34: =O18+O25 -> 0
A36: PROYECCION DE COSTOS VARIABLES | S36: Valor residual
J37: AÑO 0 | K37: AÑO 1 | L37: AÑO 2 | M37: AÑO 3 | N37: AÑO 4 | O37: AÑO 5
A38: COSTO VARIABL PONDERADO | C38: 5000 | I38: Cantidades | K38: =C32 -> 41346 | L38: =ROUND(K38*(1+$C$34),0) -> 43124 | M38: =ROUND(L38*(1+$C$34),0) -> 44978 | N38: =ROUND(M38*(1+$C$34),0) -> 46912 | O38: =ROUND(N38*(1+$C$34),0) -> 48929 | S38: FLUJO NETO EEFECTIVO | T38: =T22-T30 -> -203037000 | U38: =U22-U30 -> 2.4917419e+08 | V38: =V22-V30 -> 2.7057437e+08 | W38: =W22-W30 -> 2.9340613e+08 | X38: =X22-X30 -> 3.1776594e+08 | Y38: =Y22-Y30 -> 3.4374371e+08
I39: Precios | K39: =C33 -> 20000 | L39: =ROUND(K39*(1+$C$46),2) -> 20400 | M39: =ROUND(L39*(1+$C$46),2) -> 20808 | N39: =ROUND(M39*(1+$C$46),2) -> 21224.16 | O39: =ROUND(N39*(1+$C$46),2) -> 21648.64
A40: PROYECCION DE COSTOS FIJOS
I41: VENTAS | K41: =K38*K39 -> 826920000 | L41: =L38*L39 -> 879729600 | M41: =M38*M39 -> 935902224 | N41: =N38*N39 -> 9.9566779e+08 | O41: =O38*O39 -> 1.0592463e+09
A42: COSTOS FIJOS | C42: 215410000
J43: AÑO 0 | K43: AÑO 1 | L43: AÑO 2 | M43: AÑO 3 | N43: AÑO 4 | O43: AÑO 5
A44: INFORMACION ADICIONAL | I44: Cantidades | K44: =K38 -> 41346 | L44: =L38 -> 43124 | M44: =M38 -> 44978 | N44: =N38 -> 46912 | O44: =O38 -> 48929
I45: Cv unitario | K45: 5000 | L45: =ROUND(K45*(1+$C$46),2) -> 5100 | M45: =ROUND(L45*(1+$C$46),2) -> 5202 | N45: =ROUND(M45*(1+$C$46),2) -> 5306.04 | O45: =ROUND(N45*(1+$C$46),2) -> 5412.16
A46: INFLACION | C46: 0.02 | S46: HERRAMIENTAS DE EVALUACION
I47: CV Total | K47: =K44*K45 -> 206730000 | L47: =L44*L45 -> 219932400 | M47: =M44*M45 -> 233975556 | N47: =N44*N45 -> 2.4891695e+08 | O47: =O44*O45 -> 2.6481158e+08
J48: AÑO 0 | K48: AÑO 1 | L48: AÑO 2 | M48: AÑO 3 | N48: AÑO 4 | O48: AÑO 5 | S48: VPN | T48: =NPV(C51,U38:Y38)+T38 -> 9.8711524e+08
A49: IMPUESTO DE RENTA | C49: 0.33 | S49: CAUE | T49: =PMT(C51,5,-T48) -> 2.4190966e+08
I50: Costos Fijos | K50: =C42 -> 215410000 | L50: =ROUND(K50*(1+$C$46),2) -> 219718200 | M50: =ROUND(L50*(1+$C$46),2) -> 224112564 | N50: =ROUND(M50*(1+$C$46),2) -> 2.2859482e+08 | O50: =ROUND(N50*(1+$C$46),2) -> 2.3316671e+08 | S50: B/C | T50: =(T48-T38)/-T38 -> 5.8617505
A51: TASA DE PORTUNIDAD | C51: 0.0718 | S51: TIR | T51: =IRR(T38:Y38,C51) -> 1.2824731
J52: AÑO 0 | K52: AÑO 1 | L52: AÑO 2 | M52: AÑO 3 | N52: AÑO 4 | O52: AÑO 5 | S52: TIRM | T52: =MIRR(T38:Y38,C53,C51) -> 0.52657877
A53: TASA DE FINANCIACION | C53: 0.2127 | I53: COSTOS TOTALES | J53: =J47+J50 -> 0 | K53: =K47+K50 -> 422140000 | L53: =L47+L50 -> 439650600 | M53: =M47+M50 -> 458088120 | N53: =N47+N50 -> 4.7751176e+08 | O53: =O47+O50 -> 4.9797829e+08
A55: Crecimiento del flujo | C55: =C34+C46+(C34*C46) -> 0.06386
S58: ANALISIS DE SENSIBILIDAD
S60: 0.05
S63: SENSIBILIDAD DE PRECIOS | U63: SENSIBILIDAD DE CANTIDADES | W63: SENSIBILIDAD DE CV | Y63: SENSIBILIDAD DE COSTOS FIJOS
T65: =T48 -> 9.8711524e+08 | V65: =T48 -> 9.8711524e+08 | X65: =T48 -> 9.8711524e+08 | Z65: =T48 -> 9.8711524e+08
S66: =S67*(1-$S$60) -> 16290.125 | T66: 5.1473984e+08 | U66: =U67*(1-$S$60) -> 33676.575 | V66: 6.3283576e+08 | W66: =W67*(1-$S$60) -> 4072.5312 | X66: 9.8711524e+08 | Y66: =Y67*(1-$S$60) -> 1.7545279e+08 | Z66: 1.1005025e+09
S67: =S68*(1-$S$60) -> 17147.5 | T67: 6.2390862e+08 | U67: =U68*(1-$S$60) -> 35449.027 | V67: 7.1470841e+08 | W67: =W68*(1-$S$60) -> 4286.875 | X67: 9.8711524e+08 | Y67: =Y68*(1-$S$60) -> 1.8468715e+08 | Z67: 1.074298e+09
S68: =S69*(1-$S$60) -> 18050 | T68: 7.3882297e+08 | U68: =U69*(1-$S$60) -> 37314.765 | V68: 8.0089923e+08 | W68: =W69*(1-$S$60) -> 4512.5 | X68: 9.8711524e+08 | Y68: =Y69*(1-$S$60) -> 194407525 | Z68: 1.0467143e+09
S69: =S70*(1-$S$60) -> 19000 | T69: 8.597859e+08 | U69: =U70*(1-$S$60) -> 39278.7 | V69: 8.9163597e+08 | W69: =W70*(1-$S$60) -> 4750 | X69: 9.8711524e+08 | Y69: =Y70*(1-$S$60) -> 204639500 | Z69: 1.0176789e+09
S70: 20000 | T70: 9.8711524e+08 | U70: 41346 | V70: 9.8711524e+08 | W70: 5000 | X70: 9.8711524e+08 | Y70: 215410000 | Z70: 9.8711524e+08
S71: =S70*(1+$S$60) -> 21000 | T71: 1.1144448e+09 | U71: =U70*(1+$S$60) -> 43413.3 | V71: 1.0826188e+09 | W71: =W70*(1+$S$60) -> 5250 | X71: 9.8711524e+08 | Y71: =Y70*(1+$S$60) -> 226180500 | Z71: 9.5655161e+08
S72: =S71*(1+$S$60) -> 22050 | T72: 1.2481406e+09 | U72: =U71*(1+$S$60) -> 45583.965 | V72: 1.1828746e+09 | W72: =W71*(1+$S$60) -> 5512.5 | X72: 9.8711524e+08 | Y72: =Y71*(1+$S$60) -> 237489525 | Z72: 9.244598e+08
S73: =S72*(1+$S$60) -> 23152.5 | T73: 1.3885211e+09 | U73: =U72*(1+$S$60) -> 47863.163 | V73: 1.2881771e+09 | W73: =W72*(1+$S$60) -> 5788.125 | X73: 9.8711524e+08 | Y73: =Y72*(1+$S$60) -> 2.49364e+08 | Z73: 8.907634e+08
S74: =S73*(1+$S$60) -> 24310.125 | T74: 1.5359214e+09 | U74: =U73*(1+$S$60) -> 50256.321 | V74: 1.3987197e+09 | W74: =W73*(1+$S$60) -> 6077.5312 | X74: 9.8711524e+08 | Y74: =Y73*(1+$S$60) -> 2.618322e+08 | Z74: 8.5538218e+08
S77: PRECIO | T77: CANTIDADES | U77: CV | V77: CF
S78: =T66 -> 5.1473984e+08 | T78: =V66 -> 6.3283576e+08 | U78: =X66 -> 9.8711524e+08 | V78: =Z66 -> 1.1005025e+09
S79: =T67 -> 6.2390862e+08 | T79: =V67 -> 7.1470841e+08 | U79: =X67 -> 9.8711524e+08 | V79: =Z67 -> 1.074298e+09
S80: =T68 -> 7.3882297e+08 | T80: =V68 -> 8.0089923e+08 | U80: =X68 -> 9.8711524e+08 | V80: =Z68 -> 1.0467143e+09
S81: =T69 -> 8.597859e+08 | T81: =V69 -> 8.9163597e+08 | U81: =X69 -> 9.8711524e+08 | V81: =Z69 -> 1.0176789e+09
S82: =T70 -> 9.8711524e+08 | T82: =V70 -> 9.8711524e+08 | U82: =X70 -> 9.8711524e+08 | V82: =Z70 -> 9.8711524e+08
S83: =T71 -> 1.1144448e+09 | T83: =V71 -> 1.0826188e+09 | U83: =X71 -> 9.8711524e+08 | V83: =Z71 -> 9.5655161e+08
S84: =T72 -> 1.2481406e+09 | T84: =V72 -> 1.1828746e+09 | U84: =X72 -> 9.8711524e+08 | V84: =Z72 -> 9.244598e+08
S85: =T73 -> 1.3885211e+09 | T85: =V73 -> 1.2881771e+09 | U85: =X73 -> 9.8711524e+08 | V85: =Z73 -> 8.907634e+08
S86: =T74 -> 1.5359214e+09 | T86: =V74 -> 1.3987197e+09 | U86: =X74 -> 9.8711524e+08 | V86: =Z74 -> 8.5538218e+08
R88: PENDIENTE | S88: =LINEST(S78:S86) -> 1.2753096e+08 | T88: =LINEST(T78:T86) -> 95647924 | U88: =LINEST(U78:U86) -> 0 | V88: =LINEST(V78:V86) -> -30612021
S94: PUNTO DE EQUILIBRIO
S96: Cantidades Minimas | T96: =CF/(PRECIO-CV) -> 14360.667 | U96: 0.2
S97: Ingreso Total | T97: =(CF*PRECIO)/(PRECIO-CV) -> 2.8721333e+08
S98: Costos Fijos | T98: =CF -> 215410000
S99: Costo Variable Total | T99: =W105*T105 -> 71803333
S101: Precio | T101: Cantidad | U101: Ingreso Total | V101: CF | W101: Costo Variable Unit | X101: CVT | Y101: Costo total
S102: =S103-(S103*U96) -> 10240 | T102: =T103-(T103*U96) -> 7352.6613 | U102: =U103-(U103*U96) -> 1.4705323e+08 | V102: 215410000 | W102: =W103-(W103*$U$96) -> 2560 | X102: =X103-(X103*U96) -> 36763307 | Y102: =X102+V102 -> 2.5217331e+08
S103: =S104-(S104*U96) -> 12800 | T103: =T104-(T104*U96) -> 9190.8267 | U103: =U104-(U104*U96) -> 1.8381653e+08 | V103: 215410000 | W103: =W104-(W104*$U$96) -> 3200 | X103: =X104-(X104*U96) -> 45954133 | Y103: =X103+V103 -> 2.6136413e+08
S104: =S105-(S105*U96) -> 16000 | T104: =T105-(T105*U96) -> 11488.533 | U104: =U105-(U105*U96) -> 2.2977067e+08 | V104: 215410000 | W104: =W105-(W105*$U$96) -> 4000 | X104: =X105-(X105*U96) -> 57442667 | Y104: =X104+V104 -> 2.7285267e+08
S105: =PRECIO -> 20000 | T105: =T96 -> 14360.667 | U105: =S105*T105 -> 2.8721333e+08 | V105: =T98 -> 215410000 | W105: =CV -> 5000 | X105: =T99 -> 71803333 | Y105: =X105+V105 -> 2.8721333e+08
S106: =S105+(S105*U96) -> 24000 | T106: =T105+(T105*U96) -> 17232.8 | U106: =U105+(U105*U96) -> 344656000 | V106: 215410000 | W106: =W105+(W105*$U$96) -> 6000 | X106: =X105+(X105*U96) -> 86164000 | Y106: =X106+V106 -> 301574000
S107: =S106+(S106*U96) -> 28800 | T107: =T106+(T106*U96) -> 20679.36 | U107: =U106+(U106*U96) -> 413587200 | V107: 215410000 | W107: =W106+(W106*$U$96) -> 7200 | X107: =X106+(X106*U96) -> 103396800 | Y107: =X107+V107 -> 318806800
S108: =S107+(S107*U96) -> 34560 | T108: =T107+(T107*U96) -> 24815.232 | U108: =U107+(U107*U96) -> 496304640 | V108: 215410000 | W108: =W107+(W107*$U$96) -> 8640 | X108: =X107+(X107*U96) -> 124076160 | Y108: =X108+V108 -> 339486160

Sheet Resumen de escenario CUB
B2: Resumen de escenario
D3: Valores actuales: | E3: PESIMISTA | F3: REALISTA | G3: OPTIMISTA
E4: Creado por Portatil1 el 02/12/2010 Modificado por Portatil1 el 09/06/2013 | F4: Creado por Portatil1 el 02/12/2010 Modificado por Portatil1 el 09/06/2013 | G4: Creado por Portatil1 el 02/12/2010 Modificado por Portatil1 el 09/06/2013
B5: Celdas cambiantes:
C6: CANTIDAD | D6: 41346 | E6: 31346 | F6: 41346 | G6: 51346
C7: PRECIO | D7: 20000 | E7: 15000 | F7: 20000 | G7: 25000
C8: CV | D8: 5000 | E8: 6000 | F8: 5000 | G8: 4000
C9: CF | D9: 215410000 | E9: 225410000 | F9: 215410000 | G9: 205410000
B10: Celdas de resultado: | H10: ESPERANZA
C11: VPN | D11: 9.8711524e+08 | E11: 14134789 | F11: 9.8711524e+08 | G11: 2.2680846e+09 | H11: =((E11*$E$16)+(F11*$F$16)+(G11*$G$16)) -> 1.0235838e+09
C12: CAUE | D12: 2.4190966e+08 | E12: 3463974.4 | F12: 2.4190966e+08 | G12: 5.5583336e+08 | H12: =((E12*$E$16)+(F12*$F$16)+(G12*$G$16)) -> 2.508469e+08
C13: BC | D13: 5.8617505 | E13: 1.0696168 | F13: 5.8617505 | G13: 12.170795 | H13: =((E13*$E$16)+(F13*$F$16)+(G13*$G$16)) -> 6.0413657
C14: TIR | D14: 1.2824731 | E14: 0.094736967 | F14: 1.2824731 | G14: 2.6703208 | H14: =((E14*$E$16)+(F14*$F$16)+(G14*$G$16)) -> 1.3006124
C15: TIRM | D15: 0.52657877 | E15: 0.086324056 | F15: 0.52657877 | G15: 0.76675992 | H15: =((E15*$E$16)+(F15*$F$16)+(G15*$G$16)) -> 0.49216519
B16: Probabilidad: | E16: 0.16 | F16: 0.69 | G16: 0.15

Sheet Deflactado
A2: FLUJO DE CAJA DEFLACTADO
B5: AÑO | C5: FLUJO | D5: AÑO 5 | E5: AÑO 4 | F5: AÑO 3 | G5: AÑO 2 | H5: AÑO 1 | I5: AÑO 0
A6: INFLACION | D6: 0.02 | E6: 0.023 | F6: 0.0245 | G6: 0.02 | H6: 0.018
B7: 0 | C7: ='Flujo de caja del proyecto'!T38 -> -203037000 | I7: =C7 -> -203037000
B8: 1 | C8: ='Flujo de caja del proyecto'!U38 -> 2.4917419e+08 | H8: =C8*((1+H6)^-1) -> 2.4476836e+08 | I8: =H8 -> 2.4476836e+08
B9: 2 | C9: ='Flujo de caja del proyecto'!V38 -> 2.7057437e+08 | G9: =C9*(((1+G6)^-1)*((1+H6)^-1)) -> 2.6057858e+08 | I9: =G9 -> 2.6057858e+08
B10: 3 | C10: ='Flujo de caja del proyecto'!W38 -> 2.9340613e+08 | F10: =C10*(((1+F6)^-1)*((1+G6)^-1)*((1+H6)^-1)) -> 2.7580953e+08 | I10: =F10 -> 2.7580953e+08
B11: 4 | C11: ='Flujo de caja del proyecto'!X38 -> 3.1776594e+08 | E11: =C11*(((1+E6)^-1)*((1+F6)^-1)*((1+G6)^-1)*((1+H6)^-1)) -> 2.9199257e+08 | I11: =E11 -> 2.9199257e+08
B12: 5 | C12: ='Flujo de caja del proyecto'!Y38 -> 3.4374371e+08 | D12: =C12*(((1+D6)^-1)*((1+E6)^-1)*((1+F6)^-1)*((1+G6)^-1)*((1+H6)^-1)) -> 3.0966993e+08 | I12: =D12 -> 3.0966993e+08
A15: HERRAMIENTAS DE EVALUACION
A16: TIO | B16: 0.0718
A17: TASA FIN | B17: 0.2125
B19: VPN | C19: =NPV(B16,I8:I12)+I7 -> 9.1638988e+08 | E19: El negocio continua siendo rentable
B20: CAUE | C20: =PMT(B16,5,-C19) -> 2.2457719e+08
B21: B/C | C21: =(C19-I7)/-I7 -> 5.5134132
B22: TIR | C22: =IRR(I7:I12,B16) -> 1.2387339
B23: TIRM | C23: =MIRR(I7:I12,B17,B16) -> 0.50798792

Sheet Hoja3
